Edmonton Oilers vs Winnipeg Jets (R1)

Created - Friday, October 31, 2025 at 07:09

Goals
1 2 3 T
Edmonton Oilers 0 1 1 2
Winnipeg Jets 1 2 3 6
Shots
1 2 3 T
Edmonton Oilers 16 8 15 39
Winnipeg Jets 13 11 16 40

1st period

1. Winnipeg Jets , Ridly Greig 28 (Alexander Kerfoot 26, Adam Lowry 35) at 5:39 (PP)

Penalties :
Dylan Holloway (EDM) for Holding Stick (Minor) at 5:17, Michael Kesselring (WPG) for Delaying the game (Minor) at 9:53

2nd period

2. Winnipeg Jets , Ridly Greig 29 (Adam Lowry 36) at 0:47 (PP)
3. Winnipeg Jets , Alexis Lafreniere 9 (Nate Schmidt 9, Nino Niederreiter 9) at 9:49
4. Edmonton Oilers , Dawson Mercer 24 (Jake DeBrusk 39, Jacob Trouba 23) at 10:35

Penalties :
Dylan Holloway (EDM) for Roughing (Minor) at 0:45, Michael Kesselring (WPG) for Hooking (Minor) at 1:02, Ryan McLeod (EDM) for Tripping (Minor) at 4:38, Derek Forbort (WPG) for Roughing (Minor) at 15:46

3rd period

5. Winnipeg Jets , Alexander Kerfoot 23 (Derek Forbort 19, Dustin Wolf) at 6:45 (PP)
6. Winnipeg Jets , Jason Zucker 40 (Mikael Backlund 42) at 6:53
7. Winnipeg Jets , Jason Zucker 41 (Connor Bedard 42, Mikael Backlund 43) at 10:14
8. Edmonton Oilers , Jacob Trouba 5 (Brock Boeser 44, Brandon Carlo 27) at 19:14

Penalties :
Taylor Hall (WPG) for Holding (Minor) at 1:00, David Perron (EDM) for Tripping (Minor) at 6:31, Adam Lowry (WPG) for Fighting (Major) at 10:19, Brock Boeser (EDM) for Fighting (Major) at 10:19, Oliver Ekman-Larsson (WPG) for Interference (Minor) at 10:50, Ridly Greig (WPG) for Fighting (Major) at 18:24, Scott Mayfield (EDM) for Fighting (Major) at 18:24

Goalie Stats

Juuse Saros (EDM), 34 saves from 40 shots - (0.850), L, 13-17-5, 60:00 minutes
Dustin Wolf (WPG), 37 saves from 39 shots - (0.949), W, 15-19-5, 60:00 minutes

Players Stats for Edmonton Oilers

Player Name              G  A  P  +/- PIM S  H  SB GA TA FO     MP     PP MP  PK MP  
------------------------------------------------------------------------------------
Adrian Kempe             0  0  0  -1  0   5  1  1  0  0  1/9    19:38   4:52   1:09 
Brandon Carlo            0  1  1  -1  0   1  1  3  0  1  0/0    26:28   4:47   1:28 
Brett Pesce              0  0  0   0  0   0  0  1  0  0  0/0    12:19   0:00   0:00 
Brock Boeser             0  1  1  -1  5   0  3  0  0  0  0/0    17:12   3:52   1:09 
Corey Perry              0  0  0  -1  0   0  1  2  0  0  0/0    10:43   0:00   0:57 
David Perron             0  0  0   0  2   3  2  1  3  0  3/6    16:18   5:03   0:00 
David Savard             0  0  0   0  0   0  2  2  0  2  0/0    21:13   5:08   1:09 
Dawson Mercer            1  0  1   1  0   3  3  0  0  0  0/1    18:48   4:55   0:09 
Derek Ryan               0  0  0   0  0   2  1  0  0  0  1/1    11:31   0:15   0:00 
Drake Caggiula           0  0  0  -1  0   1  0  0  0  0  0/0     9:41   0:20   0:00 
Dylan Holloway           0  0  0   1  4   5  0  0  0  0  4/17   12:34   0:00   0:00 
Evan Bouchard            0  0  0   0  0   3  0  3  0  0  0/0    21:13   5:08   1:09 
Jacob Trouba             1  1  2  -1  0   4  2  0  0  1  0/0    26:28   4:47   1:28 
Jake DeBrusk             0  1  1   1  0   4  2  0  1  1  1/3    19:25   4:43   1:28 
Morgan Barron            0  0  0   0  0   6  1  0  1  0  4/6    13:14   0:53   0:00 
Ryan McLeod              0  0  0  -1  2   2  0  1  1  0  9/17   18:53   4:52   0:22 
Scott Mayfield           0  0  0   0  5   0  1  1  0  1  0/0    12:18   0:00   0:00 
Tanner Jeannot           0  0  0  -1  0   0  3  0  0  0  1/5     9:21   0:00   0:00 

Players Stats for Winnipeg Jets

Player Name              G  A  P  +/- PIM S  H  SB GA TA FO     MP     PP MP  PK MP  
------------------------------------------------------------------------------------
Adam Lowry               0  2  2  -1  5   0  0  1  0  0  16/19  16:44   1:17   3:44 
Alexander Kerfoot        1  1  2  -1  0   4  0  0  1  0  0/0    14:34   1:17   0:20 
Alexis Lafreniere        1  0  1   1  0   2  0  0  1  0  0/0     8:03   0:00   0:07 
Connor Bedard            0  1  1   2  0   3  2  0  0  1  1/2    20:00   1:20   4:57 
Derek Forbort            0  1  1   0  2   4  0  0  0  2  0/0    23:07   0:53   4:53 
Haydn Fleury             0  0  0   1  0   0  1  1  0  0  0/0    17:08   1:36   1:47 
Jason Zucker             2  0  2   2  0   6  1  0  0  0  0/0    19:48   1:20   4:51 
Joel Armia               0  0  0   0  0   2  1  0  0  0  1/4     9:44   0:00   0:00 
Matvei Michkov           0  0  0  -1  0   5  1  0  0  0  1/1    13:58   0:00   1:00 
Michael Kesselring       0  0  0   0  4   2  1  2  0  0  0/0    19:24   0:00   3:12 
Mikael Backlund          0  2  2   2  0   1  3  0  1  0  15/26  19:48   1:20   4:51 
Nate Schmidt             0  1  1   0  0   1  1  2  0  0  0/0    23:49   1:01   5:26 
Nino Niederreiter        0  1  1   1  0   2  2  0  0  0  2/4     7:56   0:00   0:00 
Oliver Ekman-Larsson     0  0  0   0  2   1  1  1  1  2  0/0    22:42   1:01   4:32 
Ridly Greig              2  0  2   0  5   5  1  0  2  0  1/1    13:24   1:17   0:00 
Sean Durzi               0  0  0   1  0   1  1  1  0  1  0/0    14:21   0:43   0:00 
Taylor Hall              0  0  0  -1  2   0  1  0  0  0  0/0    12:51   0:00   0:00 
Vladislav Namestnikov    0  0  0  -1  0   1  3  0  0  0  4/8    12:37   0:00   0:00 

3 Stars

1 - Jason Zucker (WPG)
2 - Dustin Wolf (WPG)
3 - Mikael Backlund (WPG)

Power Play

Edmonton Oilers - 0 on 5 Attempt(s) - 0.00%
Winnipeg Jets - 3 on 4 Attempt(s) - 75.00%

Penalty Kill

Edmonton Oilers - 1 on 4 Attempt(s) - 25.00% - Score 0 goal in Penalty Kill
Winnipeg Jets - 5 on 5 Attempt(s) - 100.00% - Score 0 goal in Penalty Kill

Team Stat

Edmonton Oilers - Hits : 23 - Faceoff Wins : 24 - Blocked Shots : 15 - Penalty Minutes : 18
Winnipeg Jets - Hits : 20 - Faceoff Wins : 41 - Blocked Shots : 8 - Penalty Minutes : 20

Official

Referees : Carter Sandlak and Justin St. Pierre
Linesman : Michel Cormier and Devin Berg

Game Notes

Adam Lowry beats up Brock Boeser at 10:19 of 3rd period
Ridly Greig and Scott Mayfield fight to a draw at 18:24 of 3rd period

Finance

Level 1 -- Attendance: 5989 (99.82%) -- Ticket Income $550,988
Level 2 -- Attendance: 4771 (95.42%) -- Ticket Income $262,405
Level 3 -- Attendance: 2863 (95.43%) -- Ticket Income $85,890
Level 4 -- Attendance: 4187 (83.74%) -- Ticket Income $92,114
Luxury Box -- Attendance: 891 (89.10%) -- Ticket Income $169,290
Game was played at the MTS Centre.
Total Attendance: 18701 (93.51%)
Total Ticket Income: $1,160,687
Other Income: $406,240
Total Income: $1,566,927

Edmonton Oilers

5 vs 5 Forward 
   Center                   Left Wing                Right Wing               Time % Phy DF OF 
 1 Ryan McLeod              Adrian Kempe             Brock Boeser             30     1   2  2  
 2 Dylan Holloway           Jake DeBrusk             Dawson Mercer            30     1   2  2  
 3 Morgan Barron            Derek Ryan               David Perron             25     1   2  2  
 4 Tanner Jeannot           Drake Caggiula           Corey Perry              15     1   2  2  

5 vs 5 Defense 
   Defense                  Defense                                           Time % Phy DF OF 
 1 Jacob Trouba             Brandon Carlo                                     30     1   2  2  
 2 David Savard             Evan Bouchard                                     30     1   2  2  
 3 Scott Mayfield           Brett Pesce                                       25     1   2  2  
 4 Jacob Trouba             Brandon Carlo                                     15     1   2  2  

PowerPlay Forward 
   Center                   Left Wing                Right Wing               Time % Phy DF OF 
 1 Ryan McLeod              Adrian Kempe             Brock Boeser             50     1   2  2  
 2 David Perron             Jake DeBrusk             Dawson Mercer            50     1   2  2  

PowerPlay Defense
   Defense                  Defense                                           Time % Phy DF OF 
 1 Jacob Trouba             Brandon Carlo                                     50     1   2  2  
 2 David Savard             Evan Bouchard                                     50     1   2  2  

Penalty Kill 4 Players Forward 
   Center                   Wing                     Time % Phy DF OF 
 1 Adrian Kempe             Brock Boeser             50     1   2  2  
 2 Jake DeBrusk             Ryan McLeod              50     1   2  2  

Penalty Kill 4 Players Defense
   Defense                  Defense                  Time % Phy DF OF 
 1 Jacob Trouba             Brandon Carlo            50     1   2  2  
 2 David Savard             Evan Bouchard            50     1   2  2  

Penalty Kill - 3 Players Forward 
   Forward                                           Time % Phy DF OF 
 1 Adrian Kempe                                      50     1   2  2  
 2 Brock Boeser                                      50     1   2  2  

Penalty Kill - 3 Players Defense
   Defense                  Defense                  Time % Phy DF OF 
 1 Jacob Trouba             Brandon Carlo            50     1   2  2  
 2 David Savard             Evan Bouchard            50     1   2  2  

4 vs 4 Forward 
   Center                   Wing                     Time % Phy DF OF 
 1 Adrian Kempe             Brock Boeser             50     1   2  2  
 2 Jake DeBrusk             Ryan McLeod              50     1   2  2  

4 vs 4 Defense
   Defense                  Defense                  Time % Phy DF OF 
 1 Brett Pesce              Brandon Carlo            50     1   2  2  
 2 David Savard             Evan Bouchard            50     1   2  2  

Last Minutes Offensive
   Center                   Left Wing                Right Wing               Defense                  Defense                  
   Ryan McLeod              Adrian Kempe             Brock Boeser             Jacob Trouba             Brandon Carlo            

Last Minutes Defensive
   Center                   Left Wing                Right Wing               Defense                  Defense                  
   Ryan McLeod              Adrian Kempe             Brock Boeser             Jacob Trouba             Brandon Carlo            

Goaltenders
Starting : Juuse Saros              
Backup : Karel Vejmelka           

Extra Forwards
Normal : Morgan Barron, David Perron, Corey Perry - PP : Morgan Barron, David Perron - PK : Corey Perry
Extra Defensemen
Normal : Brandon Carlo, Brett Pesce, David Savard - PP : Brandon Carlo - PK : Brett Pesce, David Savard
Penalty Shots
Adrian Kempe, Brock Boeser, Jake DeBrusk, David Perron, Ryan McLeod

Scratches
Luke Hughes (Healthy), Troy Stecher (Healthy), Jeff Carter (Healthy), Boone Jenner (Healthy), Jonathan Quick (Healthy)

Winnipeg Jets

5 vs 5 Forward 
   Center                   Left Wing                Right Wing               Time % Phy DF OF 
 1 Mikael Backlund          Jason Zucker             Connor Bedard            30     1   2  2  
 2 Adam Lowry               Ridly Greig              Alexander Kerfoot        30     1   2  2  
 3 Vladislav Namestnikov    Taylor Hall              Matvei Michkov           25     1   2  2  
 4 Nino Niederreiter        Alexis Lafreniere        Joel Armia               15     1   2  2  

5 vs 5 Defense 
   Defense                  Defense                                           Time % Phy DF OF 
 1 Oliver Ekman-Larsson     Michael Kesselring                                35     1   2  2  
 2 Nate Schmidt             Derek Forbort                                     35     1   2  2  
 3 Sean Durzi               Haydn Fleury                                      30     1   2  2  
 4 Oliver Ekman-Larsson     Nate Schmidt                                      0      1   2  2  

PowerPlay Forward 
   Center                   Left Wing                Right Wing               Time % Phy DF OF 
 1 Mikael Backlund          Jason Zucker             Connor Bedard            50     1   2  2  
 2 Adam Lowry               Ridly Greig              Alexander Kerfoot        50     1   2  2  

PowerPlay Defense
   Defense                  Defense                                           Time % Phy DF OF 
 1 Oliver Ekman-Larsson     Nate Schmidt                                      50     1   2  2  
 2 Haydn Fleury             Derek Forbort                                     50     1   2  2  

Penalty Kill 4 Players Forward 
   Center                   Wing                     Time % Phy DF OF 
 1 Mikael Backlund          Jason Zucker             50     1   2  2  
 2 Adam Lowry               Connor Bedard            50     1   2  2  

Penalty Kill 4 Players Defense
   Defense                  Defense                  Time % Phy DF OF 
 1 Oliver Ekman-Larsson     Michael Kesselring       50     1   2  2  
 2 Nate Schmidt             Derek Forbort            50     1   2  2  

Penalty Kill - 3 Players Forward 
   Forward                                           Time % Phy DF OF 
 1 Mikael Backlund                                   50     1   2  2  
 2 Jason Zucker                                      50     1   2  2  

Penalty Kill - 3 Players Defense
   Defense                  Defense                  Time % Phy DF OF 
 1 Oliver Ekman-Larsson     Haydn Fleury             50     1   2  2  
 2 Nate Schmidt             Derek Forbort            50     1   2  2  

4 vs 4 Forward 
   Center                   Wing                     Time % Phy DF OF 
 1 Mikael Backlund          Jason Zucker             50     1   2  2  
 2 Adam Lowry               Connor Bedard            50     1   2  2  

4 vs 4 Defense
   Defense                  Defense                  Time % Phy DF OF 
 1 Oliver Ekman-Larsson     Nate Schmidt             50     1   2  2  
 2 Sean Durzi               Derek Forbort            50     1   2  2  

Last Minutes Offensive
   Center                   Left Wing                Right Wing               Defense                  Defense                  
   Mikael Backlund          Jason Zucker             Connor Bedard            Oliver Ekman-Larsson     Michael Kesselring       

Last Minutes Defensive
   Center                   Left Wing                Right Wing               Defense                  Defense                  
   Mikael Backlund          Jason Zucker             Connor Bedard            Oliver Ekman-Larsson     Michael Kesselring       

Goaltenders
Starting : Dustin Wolf              
Backup : Jonas Johansson          

Extra Forwards
Normal : Joel Armia, Taylor Hall, Matvei Michkov - PP : Joel Armia, Taylor Hall - PK : Matvei Michkov
Extra Defensemen
Normal : Derek Forbort, Oliver Ekman-Larsson, Nate Schmidt - PP : Oliver Ekman-Larsson - PK : Derek Forbort, Oliver Ekman-Larsson
Penalty Shots
Mikael Backlund, Jason Zucker, Adam Lowry, Connor Bedard, Ridly Greig

Scratches
Sam Steel (Healthy), Barclay Goodrow (Healthy), Dylan Samberg (Healthy), Eric Comrie (Healthy)

% Time on Ice - Edmonton Oilers

Lines # - Real PCT - Wanted PCT - Time Play
Normal Forward
1 - 29% - 30% - 13:37
2 - 28% - 30% - 13:14
3 - 24% - 25% - 11:16
4 - 20% - 15% - 9:21
Normal Defense
1 - 30% - 30% - 14:28
2 - 31% - 30% - 14:56
3 - 26% - 25% - 12:19
4 - 12% - 15% - 5:45
PP Forward
1 - 52% - 50% - 5:12
2 - 48% - 50% - 4:43
PP Defense
1 - 48% - 50% - 4:47
2 - 52% - 50% - 5:08
PK Forward
1 - 44% - 50% - 1:09
2 - 56% - 50% - 1:28
PK Defense
1 - 56% - 50% - 1:28
2 - 44% - 50% - 1:09
PK3 Forward
1 - 0% - 50%
2 - 0% - 50%
PK3 Defense
1 - 0% - 50%
2 - 0% - 50%
44 Forward
1 - 0% - 50%
2 - 0% - 50%
44 Defense
1 - 0% - 50%
2 - 0% - 50%
Last Minute Offensive  - 0:00
Last Minute Defensive  - 0:00
Total
Forward - 60:00
Defense - 60:00

% Time on Ice - Winnipeg Jets

Lines # - Real PCT - Wanted PCT - Time Play
Normal Forward
1 - 29% - 30% - 13:37
2 - 28% - 30% - 13:18
3 - 27% - 25% - 12:37
4 - 17% - 15% - 7:56
Normal Defense
1 - 36% - 35% - 16:57
2 - 36% - 35% - 16:53
3 - 29% - 30% - 13:38
4 - 0% - 0% - 0:00
PP Forward
1 - 51% - 50% - 1:20
2 - 49% - 50% - 1:17
PP Defense
1 - 39% - 50% - 1:01
2 - 61% - 50% - 1:36
PK Forward
1 - 49% - 50% - 4:51
2 - 51% - 50% - 5:04
PK Defense
1 - 53% - 50% - 5:13
2 - 47% - 50% - 4:42
PK3 Forward
1 - 0% - 50%
2 - 0% - 50%
PK3 Defense
1 - 0% - 50%
2 - 0% - 50%
44 Forward
1 - 0% - 50%
2 - 0% - 50%
44 Defense
1 - 0% - 50%
2 - 0% - 50%
Last Minute Offensive  - 0:00
Last Minute Defensive  - 0:00
Total
Forward - 60:00
Defense - 60:00

Play-by-Play

1st period


0:01 of 1st period - Ryan McLeod wins face-off versus Mikael Backlund in neutral zone.
0:10 of 1st period - Wrist shot by Adrian Kempe.
0:10 of 1st period - Stopped by Dustin Wolf with a rebound.
0:12 of 1st period - Snap shot by Jacob Trouba.
0:12 of 1st period - Deflect By Connor Bedard.
0:12 of 1st period - Stopped by Dustin Wolf without a rebound.
0:13 of 1st period - Adam Lowry wins face-off versus Dylan Holloway in Winnipeg Jets zone.
0:22 of 1st period - Wrist shot by Dylan Holloway.
0:22 of 1st period - Deflect By Ridly Greig.
0:22 of 1st period - Stopped by Dustin Wolf with a rebound.
0:24 of 1st period - Backhand shot by David Savard.
0:24 of 1st period - Shot Blocked by Nate Schmidt.
0:38 of 1st period - Morgan Barron is hit by Taylor Hall and loses puck.
1:27 of 1st period - Slapshot by Adrian Kempe.
1:27 of 1st period - Shot Misses the Net.
1:51 of 1st period - Slapshot by Ridly Greig.
1:51 of 1st period - Stopped by Juuse Saros without a rebound.
1:52 of 1st period - Morgan Barron wins face-off versus Vladislav Namestnikov in Edmonton Oilers zone.
2:04 of 1st period - Snap shot by Taylor Hall.
2:04 of 1st period - Shot Blocked by Brandon Carlo.
2:32 of 1st period - Icing by Adrian Kempe.
2:33 of 1st period - Connor Bedard wins face-off versus Adrian Kempe in Edmonton Oilers zone.
3:08 of 1st period - Slapshot by Jake DeBrusk.
3:08 of 1st period - Stopped by Dustin Wolf with a rebound.
3:10 of 1st period - Slapshot by Jacob Trouba.
3:10 of 1st period - Shot Misses the Net.
3:43 of 1st period - Haydn Fleury is hit by Tanner Jeannot and loses puck.
4:10 of 1st period - Jason Zucker is hit by Scott Mayfield and loses puck.
4:27 of 1st period - Snap shot by Matvei Michkov.
4:27 of 1st period - Stopped by Juuse Saros with a rebound.
4:33 of 1st period - Snap shot by Taylor Hall.
4:33 of 1st period - Shot Misses the Net.
5:09 of 1st period - Wrist shot by Jason Zucker.
5:09 of 1st period - Shot Misses the Net.
5:11 of 1st period - Slapshot by Oliver Ekman-Larsson.
5:11 of 1st period - Shot Misses the Net.
5:17 of 1st period - Minor Penalty to Dylan Holloway for Holding Stick.
5:18 of 1st period - Adrian Kempe wins face-off versus Mikael Backlund in Edmonton Oilers zone.
5:29 of 1st period - Slapshot by Jason Zucker.
5:29 of 1st period - Stopped by Juuse Saros without a rebound.
5:30 of 1st period - Adam Lowry wins face-off versus Jake DeBrusk in Edmonton Oilers zone.
5:33 of 1st period - Wrist shot by Adam Lowry.
5:33 of 1st period - Deflect By David Savard.
5:33 of 1st period - Shot Blocked by Ryan McLeod.
5:33 of 1st period - Puck is out of play.
5:34 of 1st period - Adam Lowry wins face-off versus Adrian Kempe in Edmonton Oilers zone.
5:35 of 1st period - Wrist shot by Alexander Kerfoot.
5:35 of 1st period - Stopped by Juuse Saros with a rebound.
5:37 of 1st period - Wrist shot by Alexander Kerfoot.
5:37 of 1st period - Deflect By Brock Boeser.
5:37 of 1st period - Stopped by Juuse Saros with a rebound.
5:39 of 1st period - Snap shot by Ridly Greig.
5:39 of 1st period - Deflect By Adrian Kempe.
5:39 of 1st period - Goal by Ridly Greig - Edmonton Oilers : 0 - Winnipeg Jets : 1.
5:40 of 1st period - Vladislav Namestnikov wins face-off versus Dawson Mercer in neutral zone.
5:43 of 1st period - Snap shot by Taylor Hall.
5:43 of 1st period - Shot Misses the Net.
5:49 of 1st period - Wrist shot by Matvei Michkov.
5:49 of 1st period - Stopped by Juuse Saros without a rebound.
5:50 of 1st period - Vladislav Namestnikov wins face-off versus Dylan Holloway in Edmonton Oilers zone.
5:55 of 1st period - Slapshot by Matvei Michkov.
5:55 of 1st period - Stopped by Juuse Saros without a rebound.
5:56 of 1st period - Mikael Backlund wins face-off versus Adrian Kempe in Edmonton Oilers zone.
6:13 of 1st period - Wrist shot by Jason Zucker.
6:13 of 1st period - Shot Misses the Net.
6:23 of 1st period - Nate Schmidt is hit by Brandon Carlo and loses puck.
6:32 of 1st period - Snap shot by Ridly Greig.
6:32 of 1st period - Shot Misses the Net.
7:01 of 1st period - Icing by Oliver Ekman-Larsson.
7:02 of 1st period - Mikael Backlund wins face-off versus Dylan Holloway in Winnipeg Jets zone.
7:02 of 1st period - Mikael Backlund is hit by Jake DeBrusk.
7:08 of 1st period - David Savard is hit by Mikael Backlund and loses puck.
7:17 of 1st period - Wrist shot by Connor Bedard.
7:17 of 1st period - Shot Misses the Net.
7:19 of 1st period - Wrist shot by Oliver Ekman-Larsson.
7:19 of 1st period - Shot Misses the Net.
7:29 of 1st period - Alexander Kerfoot is hit by Brock Boeser and loses puck.
7:34 of 1st period - Wrist shot by Ryan McLeod.
7:34 of 1st period - Stopped by Dustin Wolf with a rebound.
7:36 of 1st period - Snap shot by Evan Bouchard.
7:36 of 1st period - Stopped by Dustin Wolf with a rebound.
7:38 of 1st period - Wrist shot by Ryan McLeod.
7:38 of 1st period - Stopped by Dustin Wolf with a rebound.
7:57 of 1st period - Snap shot by David Perron.
7:57 of 1st period - Shot Hit the Post.
7:59 of 1st period - Wrist shot by Derek Ryan.
7:59 of 1st period - Deflect By David Perron.
7:59 of 1st period - Stopped by Dustin Wolf with a rebound.
8:36 of 1st period - Snap shot by Jake DeBrusk.
8:36 of 1st period - Stopped by Dustin Wolf with a rebound.
8:38 of 1st period - Wrist shot by Dawson Mercer.
8:38 of 1st period - Stopped by Dustin Wolf with a rebound.
8:42 of 1st period - Snap shot by Jake DeBrusk.
8:42 of 1st period - Stopped by Dustin Wolf with a rebound.
8:59 of 1st period - Haydn Fleury is hit by Brock Boeser and loses puck.
9:20 of 1st period - Slapshot by Taylor Hall.
9:20 of 1st period - Shot Misses the Net.
9:22 of 1st period - Slapshot by Haydn Fleury.
9:22 of 1st period - Shot Hit the Post.
9:32 of 1st period - Wrist shot by Alexis Lafreniere.
9:32 of 1st period - Shot Misses the Net.
9:34 of 1st period - Slapshot by Michael Kesselring.
9:34 of 1st period - Stopped by Juuse Saros without a rebound.
9:35 of 1st period - Tanner Jeannot wins face-off versus Nino Niederreiter in Edmonton Oilers zone.
9:53 of 1st period - Minor Penalty to Michael Kesselring for Delaying the game.
9:54 of 1st period - Mikael Backlund wins face-off versus Ryan McLeod in Winnipeg Jets zone.
10:27 of 1st period - Derek Forbort is hit by Jacob Trouba and loses puck.
10:40 of 1st period - Jake DeBrusk is hit by Nate Schmidt and loses puck.
11:53 of 1st period - Penalty to Michael Kesselring is over, Michael Kesselring is back on ice.
12:13 of 1st period - Off-side.
12:14 of 1st period - Morgan Barron wins face-off versus Nino Niederreiter in neutral zone.
12:19 of 1st period - Slapshot by Morgan Barron.
12:19 of 1st period - Shot Blocked by Sean Durzi.
12:32 of 1st period - Joel Armia is hit by Morgan Barron and loses puck.
13:34 of 1st period - Off-side.
13:35 of 1st period - Mikael Backlund wins face-off versus Dylan Holloway in neutral zone.
14:31 of 1st period - Wrist shot by Nino Niederreiter.
14:31 of 1st period - Shot Blocked by Evan Bouchard.
14:49 of 1st period - Drake Caggiula is hit by Ridly Greig and loses puck.
15:05 of 1st period - Icing by Haydn Fleury.
15:06 of 1st period - Jake DeBrusk wins face-off versus Connor Bedard in Winnipeg Jets zone.
15:07 of 1st period - Wrist shot by Dylan Holloway.
15:07 of 1st period - Stopped by Dustin Wolf with a rebound.
15:13 of 1st period - Wrist shot by Dawson Mercer.
15:13 of 1st period - Stopped by Dustin Wolf without a rebound.
15:14 of 1st period - Mikael Backlund wins face-off versus Ryan McLeod in Winnipeg Jets zone.
15:25 of 1st period - Backhand shot by Connor Bedard.
15:25 of 1st period - Stopped by Juuse Saros with a rebound.
15:27 of 1st period - Slapshot by Oliver Ekman-Larsson.
15:27 of 1st period - Stopped by Juuse Saros with a rebound.
15:29 of 1st period - Slapshot by Connor Bedard.
15:29 of 1st period - Shot Misses the Net.
15:31 of 1st period - Slapshot by Oliver Ekman-Larsson.
15:31 of 1st period - Shot Blocked by Brandon Carlo.
15:41 of 1st period - Oliver Ekman-Larsson is hit by Dawson Mercer and loses puck.
15:48 of 1st period - Slapshot by Dylan Holloway.
15:48 of 1st period - Shot Misses the Net.
16:06 of 1st period - Snap shot by Drake Caggiula.
16:06 of 1st period - Stopped by Dustin Wolf with a rebound.
16:25 of 1st period - Off-side.
16:26 of 1st period - Adam Lowry wins face-off versus Morgan Barron in neutral zone.
16:41 of 1st period - Snap shot by Ridly Greig.
16:41 of 1st period - Stopped by Juuse Saros with a rebound.
16:58 of 1st period - Slapshot by Adrian Kempe.
16:58 of 1st period - Stopped by Dustin Wolf with a rebound.
17:08 of 1st period - Icing by Connor Bedard.
17:09 of 1st period - Dylan Holloway wins face-off versus Mikael Backlund in Winnipeg Jets zone.
17:22 of 1st period - Snap shot by Jake DeBrusk.
17:22 of 1st period - Stopped by Dustin Wolf without a rebound.
17:23 of 1st period - Ryan McLeod wins face-off versus Adam Lowry in Winnipeg Jets zone.
17:30 of 1st period - Adam Lowry is hit by Adrian Kempe and loses puck.
18:19 of 1st period - Snap shot by Morgan Barron.
18:19 of 1st period - Shot Blocked by Haydn Fleury.
18:21 of 1st period - Snap shot by David Perron.
18:21 of 1st period - Shot Misses the Net.
19:23 of 1st period - Haydn Fleury is hit by Dawson Mercer and loses puck.
19:40 of 1st period - Snap shot by Ridly Greig.
19:40 of 1st period - Stopped by Juuse Saros with a rebound.
19:42 of 1st period - Wrist shot by Ridly Greig.
19:42 of 1st period - Shot Blocked by Brett Pesce.
19:44 of 1st period - Wrist shot by Adam Lowry.
19:44 of 1st period - Shot Blocked by David Perron.
19:46 of 1st period - Snap shot by Alexander Kerfoot.
19:46 of 1st period - Shot Misses the Net.
Goals for this period are 0 for Edmonton Oilers vs 1 for Winnipeg Jets.
Shots for this period are 16 for Edmonton Oilers vs 13 for Winnipeg Jets.

2nd period


0:01 of 2nd period - Mikael Backlund wins face-off versus Dylan Holloway in neutral zone.
0:45 of 2nd period - Minor Penalty to Dylan Holloway for Roughing.
0:46 of 2nd period - Adam Lowry wins face-off versus Adrian Kempe in Edmonton Oilers zone.
0:47 of 2nd period - Wrist shot by Ridly Greig.
0:47 of 2nd period - Goal by Ridly Greig - Edmonton Oilers : 0 - Winnipeg Jets : 2.
0:48 of 2nd period - Ryan McLeod wins face-off versus Adam Lowry in neutral zone.
0:53 of 2nd period - Slapshot by Brock Boeser.
0:53 of 2nd period - Shot Blocked by Oliver Ekman-Larsson.
0:55 of 2nd period - Slapshot by Brandon Carlo.
0:55 of 2nd period - Shot Hit the Post.
0:57 of 2nd period - Slapshot by Adrian Kempe.
0:57 of 2nd period - Stopped by Dustin Wolf with a rebound.
1:02 of 2nd period - Minor Penalty to Michael Kesselring for Hooking.
1:03 of 2nd period - Mikael Backlund wins face-off versus David Perron in Winnipeg Jets zone.
1:43 of 2nd period - Snap shot by Adrian Kempe.
1:43 of 2nd period - Deflect By Brock Boeser.
1:43 of 2nd period - Shot Blocked by Adam Lowry.
1:43 of 2nd period - Puck is out of play.
1:44 of 2nd period - Ryan McLeod wins face-off versus Adam Lowry in Winnipeg Jets zone.
1:49 of 2nd period - Snap shot by Ryan McLeod.
1:49 of 2nd period - Shot Misses the Net.
1:59 of 2nd period - Slapshot by Jason Zucker.
1:59 of 2nd period - Deflect By Mikael Backlund.
1:59 of 2nd period - Shot Misses the Net.
1:59 of 2nd period - Puck is out of play.
2:00 of 2nd period - David Perron wins face-off versus Mikael Backlund in Edmonton Oilers zone.
2:09 of 2nd period - Wrist shot by Jake DeBrusk.
2:09 of 2nd period - Shot Misses the Net.
2:11 of 2nd period - Wrist shot by Jacob Trouba.
2:11 of 2nd period - Shot Misses the Net.
2:46 of 2nd period - Wrist shot by Mikael Backlund.
2:46 of 2nd period - Shot Hit the Post.
3:02 of 2nd period - Penalty to Michael Kesselring is over, Michael Kesselring is back on ice.
3:10 of 2nd period - Matvei Michkov is hit by David Savard and loses puck.
3:58 of 2nd period - David Perron is hit by Jason Zucker.
4:10 of 2nd period - Oliver Ekman-Larsson is hit by Tanner Jeannot and loses puck.
4:27 of 2nd period - Snap shot by Nino Niederreiter.
4:27 of 2nd period - Shot Misses the Net.
4:29 of 2nd period - Slapshot by Joel Armia.
4:29 of 2nd period - Stopped by Juuse Saros with a rebound.
4:31 of 2nd period - Snap shot by Nino Niederreiter.
4:31 of 2nd period - Stopped by Juuse Saros with a rebound.
4:33 of 2nd period - Snap shot by Joel Armia.
4:33 of 2nd period - Stopped by Juuse Saros with a rebound.
4:38 of 2nd period - Minor Penalty to Ryan McLeod for Tripping.
4:39 of 2nd period - Mikael Backlund wins face-off versus Jake DeBrusk in Edmonton Oilers zone.
4:49 of 2nd period - Adrian Kempe is hit by Connor Bedard.
5:57 of 2nd period - Icing by Jason Zucker.
5:58 of 2nd period - Mikael Backlund wins face-off versus Adrian Kempe in Winnipeg Jets zone.
6:33 of 2nd period - Brandon Carlo is hit by Oliver Ekman-Larsson and loses puck.
6:38 of 2nd period - Penalty to Ryan McLeod is over, Ryan McLeod is back on ice.
6:56 of 2nd period - Snap shot by Morgan Barron.
6:56 of 2nd period - Stopped by Dustin Wolf with a rebound.
7:16 of 2nd period - Oliver Ekman-Larsson is hit by Jacob Trouba and loses puck.
7:27 of 2nd period - Slapshot by Vladislav Namestnikov.
7:27 of 2nd period - Stopped by Juuse Saros without a rebound.
7:28 of 2nd period - Nino Niederreiter wins face-off versus Tanner Jeannot in Edmonton Oilers zone.
7:42 of 2nd period - Off-side.
7:43 of 2nd period - Dylan Holloway wins face-off versus Mikael Backlund in neutral zone.
8:53 of 2nd period - Slapshot by Vladislav Namestnikov.
8:53 of 2nd period - Deflect By Matvei Michkov.
8:53 of 2nd period - Stopped by Juuse Saros with a rebound.
8:55 of 2nd period - Snap shot by Vladislav Namestnikov.
8:55 of 2nd period - Shot Blocked by Evan Bouchard.
9:12 of 2nd period - David Savard is hit by Mikael Backlund.
9:28 of 2nd period - Tanner Jeannot is hit by Connor Bedard and loses puck.
9:41 of 2nd period - Snap shot by Alexis Lafreniere.
9:41 of 2nd period - Shot Misses the Net.
9:47 of 2nd period - Snap shot by Nino Niederreiter.
9:47 of 2nd period - Stopped by Juuse Saros with a rebound.
9:49 of 2nd period - Slapshot by Nate Schmidt.
9:49 of 2nd period - Deflect By Alexis Lafreniere.
9:49 of 2nd period - Goal by Alexis Lafreniere - Edmonton Oilers : 0 - Winnipeg Jets : 3.
9:50 of 2nd period - Adam Lowry wins face-off versus Dylan Holloway in neutral zone.
10:16 of 2nd period - Dylan Holloway is hit by Vladislav Namestnikov and loses puck.
10:33 of 2nd period - Snap shot by Dawson Mercer.
10:33 of 2nd period - Shot Misses the Net.
10:35 of 2nd period - Snap shot by Dawson Mercer.
10:35 of 2nd period - Goal by Dawson Mercer - Edmonton Oilers : 1 - Winnipeg Jets : 3.
10:36 of 2nd period - Ridly Greig wins face-off versus Ryan McLeod in neutral zone.
10:46 of 2nd period - Oliver Ekman-Larsson is hit by Brock Boeser and loses puck.
10:56 of 2nd period - Brock Boeser is hit by Michael Kesselring and loses puck.
11:11 of 2nd period - Wrist shot by Morgan Barron.
11:11 of 2nd period - Stopped by Dustin Wolf with a rebound.
11:35 of 2nd period - Slapshot by Vladislav Namestnikov.
11:35 of 2nd period - Shot Misses the Net.
11:37 of 2nd period - Slapshot by Derek Forbort.
11:37 of 2nd period - Stopped by Juuse Saros with a rebound.
12:15 of 2nd period - Wrist shot by David Perron.
12:15 of 2nd period - Stopped by Dustin Wolf without a rebound.
12:16 of 2nd period - Mikael Backlund wins face-off versus Adrian Kempe in Winnipeg Jets zone.
12:49 of 2nd period - Slapshot by Alexander Kerfoot.
12:49 of 2nd period - Stopped by Juuse Saros with a rebound.
13:55 of 2nd period - Backhand shot by Adam Lowry.
13:55 of 2nd period - Shot Blocked by David Savard.
13:57 of 2nd period - Wrist shot by Adam Lowry.
13:57 of 2nd period - Deflect By Ridly Greig.
13:57 of 2nd period - Shot Misses the Net.
13:57 of 2nd period - Puck is out of play.
13:58 of 2nd period - Mikael Backlund wins face-off versus Dylan Holloway in Edmonton Oilers zone.
14:09 of 2nd period - Slapshot by Jason Zucker.
14:09 of 2nd period - Stopped by Juuse Saros without a rebound.
14:10 of 2nd period - Ryan McLeod wins face-off versus Mikael Backlund in Edmonton Oilers zone.
14:45 of 2nd period - Slapshot by Jake DeBrusk.
14:45 of 2nd period - Shot Misses the Net.
14:47 of 2nd period - Wrist shot by Jake DeBrusk.
14:47 of 2nd period - Deflect By Dawson Mercer.
14:47 of 2nd period - Shot Misses the Net.
14:47 of 2nd period - Puck is out of play.
14:48 of 2nd period - Morgan Barron wins face-off versus Vladislav Namestnikov in Winnipeg Jets zone.
15:04 of 2nd period - Haydn Fleury is hit by Derek Ryan and loses puck.
15:15 of 2nd period - Brandon Carlo is hit by Mikael Backlund and loses puck.
15:36 of 2nd period - Slapshot by Dylan Holloway.
15:36 of 2nd period - Deflect By Adam Lowry.
15:36 of 2nd period - Stopped by Dustin Wolf with a rebound.
15:38 of 2nd period - Slapshot by Scott Mayfield.
15:38 of 2nd period - Shot Misses the Net.
15:40 of 2nd period - Snap shot by Dawson Mercer.
15:40 of 2nd period - Shot Misses the Net.
15:42 of 2nd period - Snap shot by Evan Bouchard.
15:42 of 2nd period - Deflect By Dylan Holloway.
15:42 of 2nd period - Stopped by Dustin Wolf without a rebound.
15:43 of 2nd period - Adam Lowry wins face-off versus Dylan Holloway in Winnipeg Jets zone.
15:43 of 2nd period - Adam Lowry is hit by David Savard.
15:46 of 2nd period - Minor Penalty to Derek Forbort for Roughing.
15:47 of 2nd period - Adam Lowry wins face-off versus David Perron in Winnipeg Jets zone.
15:54 of 2nd period - Off-side.
15:55 of 2nd period - David Perron wins face-off versus Mikael Backlund in neutral zone.
15:58 of 2nd period - Slapshot by David Perron.
15:58 of 2nd period - Shot Hit the Post.
16:00 of 2nd period - Snap shot by Evan Bouchard.
16:00 of 2nd period - Stopped by Dustin Wolf without a rebound.
16:01 of 2nd period - Adam Lowry wins face-off versus Ryan McLeod in Winnipeg Jets zone.
16:16 of 2nd period - Snap shot by Adrian Kempe.
16:16 of 2nd period - Shot Misses the Net.
16:18 of 2nd period - Wrist shot by Ryan McLeod.
16:18 of 2nd period - Shot Misses the Net.
16:28 of 2nd period - Jason Zucker is hit by Dawson Mercer and loses puck.
17:46 of 2nd period - Penalty to Derek Forbort is over, Derek Forbort is back on ice.
17:49 of 2nd period - Jake DeBrusk is hit by Haydn Fleury and loses puck.
18:02 of 2nd period - Dawson Mercer is hit by Vladislav Namestnikov and loses puck.
19:11 of 2nd period - Evan Bouchard is hit by Nino Niederreiter and loses puck.
19:28 of 2nd period - Jake DeBrusk is hit by Matvei Michkov and loses puck.
19:59 of 2nd period - Scott Mayfield is hit by Joel Armia and loses puck.
Goals for this period are 1 for Edmonton Oilers vs 2 for Winnipeg Jets.
Shots for this period are 8 for Edmonton Oilers vs 11 for Winnipeg Jets.

3rd period


0:01 of 3rd period - Ryan McLeod wins face-off versus Mikael Backlund in neutral zone.
0:34 of 3rd period - Snap shot by Jake DeBrusk.
0:34 of 3rd period - Shot Misses the Net.
0:36 of 3rd period - Slapshot by Jacob Trouba.
0:36 of 3rd period - Deflect By Adam Lowry.
0:36 of 3rd period - Stopped by Dustin Wolf with a rebound.
0:38 of 3rd period - Slapshot by Brandon Carlo.
0:38 of 3rd period - Stopped by Dustin Wolf without a rebound.
0:39 of 3rd period - David Perron wins face-off versus Vladislav Namestnikov in Winnipeg Jets zone.
1:00 of 3rd period - Minor Penalty to Taylor Hall for Holding.
1:01 of 3rd period - Adam Lowry wins face-off versus David Perron in Winnipeg Jets zone.
1:30 of 3rd period - Slapshot by Michael Kesselring.
1:30 of 3rd period - Shot Blocked by Brandon Carlo.
3:00 of 3rd period - Penalty to Taylor Hall is over, Taylor Hall is back on ice.
3:12 of 3rd period - Backhand shot by Alexis Lafreniere.
3:12 of 3rd period - Stopped by Juuse Saros with a rebound.
3:48 of 3rd period - Backhand shot by Ridly Greig.
3:48 of 3rd period - Shot Blocked by Scott Mayfield.
4:48 of 3rd period - Icing by Vladislav Namestnikov.
4:49 of 3rd period - Vladislav Namestnikov wins face-off versus Tanner Jeannot in Winnipeg Jets zone.
4:58 of 3rd period - Slapshot by Jason Zucker.
4:58 of 3rd period - Deflect By Mikael Backlund.
4:58 of 3rd period - Shot Blocked by Corey Perry.
4:58 of 3rd period - Puck is out of play.
4:59 of 3rd period - Ryan McLeod wins face-off versus Mikael Backlund in Edmonton Oilers zone.
5:46 of 3rd period - Snap shot by Vladislav Namestnikov.
5:46 of 3rd period - Deflect By Matvei Michkov.
5:46 of 3rd period - Stopped by Juuse Saros with a rebound.
6:06 of 3rd period - Morgan Barron is hit by Nino Niederreiter and loses puck.
6:31 of 3rd period - Minor Penalty to David Perron for Tripping.
6:32 of 3rd period - Adam Lowry wins face-off versus Adrian Kempe in Edmonton Oilers zone.
6:33 of 3rd period - Wrist shot by Ridly Greig.
6:33 of 3rd period - Shot Misses the Net.
6:45 of 3rd period - Snap shot by Alexander Kerfoot.
6:45 of 3rd period - Goal by Alexander Kerfoot - Edmonton Oilers : 1 - Winnipeg Jets : 4.
6:46 of 3rd period - Mikael Backlund wins face-off versus Adrian Kempe in neutral zone.
6:53 of 3rd period - Snap shot by Jason Zucker.
6:53 of 3rd period - Goal by Jason Zucker - Edmonton Oilers : 1 - Winnipeg Jets : 5.
6:54 of 3rd period - Adam Lowry wins face-off versus Ryan McLeod in neutral zone.
7:23 of 3rd period - Snap shot by Jason Zucker.
7:23 of 3rd period - Shot Misses the Net.
7:25 of 3rd period - Slapshot by Nate Schmidt.
7:25 of 3rd period - Shot Misses the Net.
7:27 of 3rd period - Snap shot by Connor Bedard.
7:27 of 3rd period - Shot Misses the Net.
7:29 of 3rd period - Slapshot by Derek Forbort.
7:29 of 3rd period - Stopped by Juuse Saros with a rebound.
7:40 of 3rd period - Icing by David Perron.
7:41 of 3rd period - Morgan Barron wins face-off versus Vladislav Namestnikov in Edmonton Oilers zone.
7:56 of 3rd period - Snap shot by Matvei Michkov.
7:56 of 3rd period - Shot Misses the Net.
8:04 of 3rd period - Slapshot by Jacob Trouba.
8:04 of 3rd period - Shot Misses the Net.
8:06 of 3rd period - Slapshot by Morgan Barron.
8:06 of 3rd period - Stopped by Dustin Wolf with a rebound.
8:08 of 3rd period - Slapshot by Brandon Carlo.
8:08 of 3rd period - Shot Misses the Net.
8:10 of 3rd period - Slapshot by Brandon Carlo.
8:10 of 3rd period - Shot Blocked by Michael Kesselring.
8:14 of 3rd period - Slapshot by Derek Ryan.
8:14 of 3rd period - Stopped by Dustin Wolf with a rebound.
8:16 of 3rd period - Slapshot by David Perron.
8:16 of 3rd period - Shot Hit the Post.
8:18 of 3rd period - Snap shot by Morgan Barron.
8:18 of 3rd period - Stopped by Dustin Wolf with a rebound.
8:20 of 3rd period - Snap shot by Derek Ryan.
8:20 of 3rd period - Stopped by Dustin Wolf without a rebound.
8:21 of 3rd period - Adam Lowry wins face-off versus Ryan McLeod in Winnipeg Jets zone.
8:34 of 3rd period - Snap shot by Adrian Kempe.
8:34 of 3rd period - Shot Misses the Net.
8:36 of 3rd period - Slapshot by Adrian Kempe.
8:36 of 3rd period - Stopped by Dustin Wolf without a rebound.
8:37 of 3rd period - Mikael Backlund wins face-off versus Dylan Holloway in Winnipeg Jets zone.
8:42 of 3rd period - Snap shot by Connor Bedard.
8:42 of 3rd period - Shot Misses the Net.
8:44 of 3rd period - Slapshot by Derek Forbort.
8:44 of 3rd period - Deflect By David Savard.
8:44 of 3rd period - Stopped by Juuse Saros with a rebound.
8:46 of 3rd period - Wrist shot by Jason Zucker.
8:46 of 3rd period - Stopped by Juuse Saros with a rebound.
8:48 of 3rd period - Slapshot by Jason Zucker.
8:48 of 3rd period - Stopped by Juuse Saros with a rebound.
8:50 of 3rd period - Slapshot by Derek Forbort.
8:50 of 3rd period - Stopped by Juuse Saros with a rebound.
8:52 of 3rd period - Wrist shot by Mikael Backlund.
8:52 of 3rd period - Shot Misses the Net.
8:54 of 3rd period - Slapshot by Nate Schmidt.
8:54 of 3rd period - Stopped by Juuse Saros with a rebound.
9:26 of 3rd period - Scott Mayfield is hit by Vladislav Namestnikov and loses puck.
9:35 of 3rd period - Slapshot by Taylor Hall.
9:35 of 3rd period - Shot Misses the Net.
9:47 of 3rd period - Alexis Lafreniere is hit by Tanner Jeannot and loses puck.
9:54 of 3rd period - Wrist shot by Corey Perry.
9:54 of 3rd period - Shot Misses the Net.
10:12 of 3rd period - Wrist shot by Mikael Backlund.
10:12 of 3rd period - Stopped by Juuse Saros with a rebound.
10:14 of 3rd period - Wrist shot by Connor Bedard.
10:14 of 3rd period - Deflect By Jason Zucker.
10:14 of 3rd period - Goal by Jason Zucker - Edmonton Oilers : 1 - Winnipeg Jets : 6.
10:15 of 3rd period - Adam Lowry wins face-off versus Ryan McLeod in neutral zone.
10:19 of 3rd period - Adam Lowry beats up Brock Boeser.
10:19 of 3rd period - Penalty to Adam Lowry for Fighting.
10:19 of 3rd period - Penalty to Brock Boeser for Fighting.
10:20 of 3rd period - Ryan McLeod wins face-off versus Mikael Backlund in neutral zone.
10:27 of 3rd period - Snap shot by Adrian Kempe.
10:27 of 3rd period - Stopped by Dustin Wolf with a rebound.
10:31 of 3rd period - Wrist shot by Adrian Kempe.
10:31 of 3rd period - Shot Misses the Net.
10:33 of 3rd period - Wrist shot by Adrian Kempe.
10:33 of 3rd period - Shot Misses the Net.
10:35 of 3rd period - Snap shot by Morgan Barron.
10:35 of 3rd period - Stopped by Dustin Wolf without a rebound.
10:36 of 3rd period - Dylan Holloway wins face-off versus Joel Armia in Winnipeg Jets zone.
10:39 of 3rd period - Wrist shot by Dylan Holloway.
10:39 of 3rd period - Shot Misses the Net.
10:41 of 3rd period - Snap shot by Jake DeBrusk.
10:41 of 3rd period - Shot Blocked by Michael Kesselring.
10:43 of 3rd period - Snap shot by Jacob Trouba.
10:43 of 3rd period - Deflect By Dylan Holloway.
10:43 of 3rd period - Stopped by Dustin Wolf without a rebound.
10:44 of 3rd period - Dylan Holloway wins face-off versus Joel Armia in Winnipeg Jets zone.
10:50 of 3rd period - Minor Penalty to Oliver Ekman-Larsson for Interference.
10:51 of 3rd period - Matvei Michkov wins face-off versus Morgan Barron in Winnipeg Jets zone.
10:59 of 3rd period - Wrist shot by Connor Bedard.
10:59 of 3rd period - Stopped by Juuse Saros with a rebound.
11:05 of 3rd period - Wrist shot by Evan Bouchard.
11:05 of 3rd period - Stopped by Dustin Wolf with a rebound.
12:41 of 3rd period - Michael Kesselring is hit by David Perron and loses puck.
12:50 of 3rd period - Penalty to Oliver Ekman-Larsson is over, Oliver Ekman-Larsson is back on ice.
13:16 of 3rd period - Off-side.
13:17 of 3rd period - Joel Armia wins face-off versus Tanner Jeannot in neutral zone.
13:52 of 3rd period - Jacob Trouba is hit by Sean Durzi.
14:04 of 3rd period - Mikael Backlund is hit by David Perron and loses puck.
15:00 of 3rd period - Off-side.
15:01 of 3rd period - Derek Ryan wins face-off versus Joel Armia in neutral zone.
15:08 of 3rd period - Snap shot by David Perron.
15:08 of 3rd period - Stopped by Dustin Wolf without a rebound.
15:09 of 3rd period - Mikael Backlund wins face-off versus Ryan McLeod in Winnipeg Jets zone.
15:48 of 3rd period - Slapshot by Evan Bouchard.
15:48 of 3rd period - Shot Blocked by Nate Schmidt.
16:10 of 3rd period - Wrist shot by Adrian Kempe.
16:10 of 3rd period - Deflect By Morgan Barron.
16:10 of 3rd period - Stopped by Dustin Wolf without a rebound.
16:11 of 3rd period - Mikael Backlund wins face-off versus Dylan Holloway in Winnipeg Jets zone.
16:22 of 3rd period - Oliver Ekman-Larsson is hit by Jake DeBrusk and loses puck.
16:41 of 3rd period - Michael Kesselring is hit by Corey Perry and loses puck.
17:04 of 3rd period - Wrist shot by Vladislav Namestnikov.
17:04 of 3rd period - Shot Misses the Net.
17:06 of 3rd period - Slapshot by Michael Kesselring.
17:06 of 3rd period - Stopped by Juuse Saros with a rebound.
17:20 of 3rd period - Snap shot by Joel Armia.
17:20 of 3rd period - Shot Hit the Post.
17:22 of 3rd period - Snap shot by Sean Durzi.
17:22 of 3rd period - Stopped by Juuse Saros without a rebound.
17:23 of 3rd period - Nino Niederreiter wins face-off versus Tanner Jeannot in Edmonton Oilers zone.
17:24 of 3rd period - Snap shot by Alexis Lafreniere.
17:24 of 3rd period - Shot Blocked by Corey Perry.
18:24 of 3rd period - Ridly Greig and Scott Mayfield fight to a draw.
18:24 of 3rd period - Penalty to Ridly Greig for Fighting.
18:24 of 3rd period - Penalty to Scott Mayfield for Fighting.
18:25 of 3rd period - Adam Lowry wins face-off versus Dylan Holloway in neutral zone.
18:38 of 3rd period - Slapshot by Jake DeBrusk.
18:38 of 3rd period - Deflect By Dawson Mercer.
18:38 of 3rd period - Shot Misses the Net.
18:38 of 3rd period - Puck is out of play.
18:39 of 3rd period - Ryan McLeod wins face-off versus Mikael Backlund in Winnipeg Jets zone.
18:56 of 3rd period - Wrist shot by Connor Bedard.
18:56 of 3rd period - Stopped by Juuse Saros with a rebound.
19:10 of 3rd period - Wrist shot by Brock Boeser.
19:10 of 3rd period - Shot Misses the Net.
19:12 of 3rd period - Snap shot by Jacob Trouba.
19:12 of 3rd period - Stopped by Dustin Wolf with a rebound.
19:14 of 3rd period - Slapshot by Jacob Trouba.
19:14 of 3rd period - Goal by Jacob Trouba - Edmonton Oilers : 2 - Winnipeg Jets : 6.
19:15 of 3rd period - Adam Lowry wins face-off versus Dylan Holloway in neutral zone.
19:47 of 3rd period - Wrist shot by Jason Zucker.
19:47 of 3rd period - Shot Misses the Net.
19:49 of 3rd period - Snap shot by Mikael Backlund.
19:49 of 3rd period - Shot Blocked by Adrian Kempe.
19:51 of 3rd period - Snap shot by Mikael Backlund.
19:51 of 3rd period - Shot Blocked by David Savard.
19:53 of 3rd period - Wrist shot by Mikael Backlund.
19:53 of 3rd period - Deflect By Jason Zucker.
19:53 of 3rd period - Shot Blocked by Evan Bouchard.
19:53 of 3rd period - Puck is out of play.
19:54 of 3rd period - Vladislav Namestnikov wins face-off versus Dylan Holloway in Edmonton Oilers zone.
Goals for this period are 1 for Edmonton Oilers vs 3 for Winnipeg Jets.
Shots for this period are 15 for Edmonton Oilers vs 16 for Winnipeg Jets.